 Dungeon Crawl Stone Soup version 0.29.1-15-g9cfb28693d (webtiles) character file.

Game seed: 10448784772174176675

147 redmage the Digger (level 5, 0/38 HPs)
             Began as a Meteoran Earth Elementalist on Sept 7, 2023.
             Slain by a gnoll bouda
             ... wielding a +0 whip
              (6 damage)
             ... on level 5 of the Dungeon.
             The game lasted 00:08:04 (414 turns).

redmage the Digger (Meteoran Earth Elementalist)     Turns: 414, Time: 00:08:04

Health: 0/38       AC:  3    Str: 10    XL:     5   Next: 86%
Magic:  8/12       EV: 12    Int: 18    God:
Gold:   29         SH:  0    Dex: 14    Spells: 7/13 levels left

rFire   . . .      SeeInvis .   (no weapon)
rCold   . . .      Faith    .   (no shield)
rNeg    . . .      Spirit   .   a - +0 robe
rPois   .          Reflect  .   d - +0 helmet
rElec   .          Harm     .   (no cloak)
rCorr   .          Rampage  .   (no gloves)
Will    .....                   (no boots)
Stlth   +.........              (no amulet)
HPRegen 0.12/turn               (no ring)
MPRegen 0.13/turn               (no ring)

@: weakened, glowing
A: sense surroundings 1, otherworldly, glowing, explore regen
a: no special abilities


You were on level 5 of the Dungeon.
You visited 1 branch of the dungeon, and saw 6 of its levels.

You collected 68 gold pieces.
You spent 39 gold pieces at shops.

Inventory:

Armour
 a - a +0 robe (worn)
 d - a +0 helmet (worn)
Scrolls
 b - a scroll of amnesia {unknown}
 g - a scroll of noise {unknown}
 h - a scroll of fear {unknown}
 i - a scroll of identify {unknown}
 j - a scroll of brand weapon {unknown}
 k - a scroll of blinking {unknown}
 l - a scroll of teleportation
Potions
 c - 2 potions of brilliance {unknown}
 e - a potion of ambrosia {unknown}


   Skills:
 - Level 2.4 Dodging
 - Level 1.4 Stealth
 + Level 4.6 Spellcasting
 + Level 2.1 Conjurations
 - Level 1.2 Transmutations
 + Level 5.3 Earth Magic


You had 7 spell levels left.
You knew the following spells:

 Your Spells              Type           Power      Damage    Failure   Level
a - Sandblast             Erth           46%        2d11      1%          1
b - Passwall              Tmut/Erth      12%        N/A       5%          2
c - Stone Arrow           Conj/Erth      34%        3d9       9%          3

Your spell library contained the following spells:

 Spells                   Type           Power      Damage    Failure   Level
 Petrify                  Tmut/Erth      15%        N/A       34%         4


Dungeon Overview and Level Annotations

Branches:
Dungeon (6/15) Zot: 3176   Temple (0/1) D:5

Altars:
Xom

Shops:
D:4 (?


Innate Abilities, Weirdness & Mutations

You passively map a small area around you.
You are easily found by Zot.
You glow in the dark.
You regain HP and MP as you explore.


Message History

Casting: Sandblast (safe; 1% risk of failure)
Confirm with . or Enter, or press ? or * to list all spells.
Aiming: Sandblast (safe; 1% risk of failure)
Press: ? - help, Shift-Dir - straight line, f/p - gnoll bouda
Aim: a gnoll bouda, wielding a +0 whip and wearing a +0 robe (heavily wounded, 85% to hit)
The blast of sand misses the gnoll bouda.
The blast of sand hits the gnoll!
You kill the gnoll!
The gnoll bouda gazes fiercely through you!
You feel as though you will be weak longer.
The gnoll bouda barely misses you.
The gnoll bouda barks out a call to the hunt!
The gnolls pick up the pace!
Casting: Sandblast (safe; 1% risk of failure)
Confirm with . or Enter, or press ? or * to list all spells.
Aiming: Sandblast (safe; 1% risk of failure)
Press: ? - help, Shift-Dir - straight line, f/p - gnoll bouda
Aim: a gnoll bouda, wielding a +0 whip and wearing a +0 robe (heavily wounded, 85% to hit)
The blast of sand hits the gnoll bouda.
The gnoll bouda is severely wounded.
The gnoll barely misses you.
The gnoll bouda mumbles some strange prayers to its god.
The gnoll bouda is healed somewhat.
Casting: Sandblast (safe; 1% risk of failure)
Confirm with . or Enter, or press ? or * to list all spells.
Aiming: Sandblast (safe; 1% risk of failure)
Press: ? - help, Shift-Dir - straight line, f/p - gnoll bouda
Aim: a gnoll bouda, wielding a +0 whip and wearing a +0 robe (moderately wounded, 85% to hit)
The blast of sand hits the gnoll bouda.
The gnoll bouda is heavily wounded.
The gnoll hits you from afar with a +0 halberd!
The gnoll bouda closely misses you.
The gnoll hits you from afar with a +0 halberd.
* * * LOW HITPOINT WARNING * * *
The gnoll bouda barks out a call to the hunt!
The gnoll picks up the pace!
You hear a shout!
The gnoll bouda attacks as you move away!
The gnoll bouda hits you with a +0 whip.
You die...

#<# #.# #.# #.# #.# #.#
*********#########.#
,,,,,,,,).......>#.#
***,,**,#..#####@#.#
,,**,**,*#.** #g#.#
,,*,,,,,,...####g#.#*****
,,,,,,,,,......#g#..,,,,*
,,*,,⌠,,,⌠,,*#...#.##,***
,,*,,,,,,,,,*##g.#.#*,*
,,,,,,,>g.gg.....#..*,*
,,*,,,,,...g#..#.###*,***
,,*,,⌠,,.⌠,,#..#..,,,,,,*


You could see a gnoll bouda and 3 gnolls.

Vanquished Creatures
  An ice beast (D:6)
  A hound (D:4)
  A gnoll (D:5)
  An ufetubus (D:4)
  3 hobgoblins
  3 ball pythons
10 creatures vanquished.

Notes
Turn   | Place    | Note
-------+----------+-------------------------------------------
     0 | D:1      | redmage the Meteoran Earth Elementalist began the quest for
                  | the Orb.
     0 | D:1      | Reached XP level 1. HP: 14/14 MP: 5/5
    79 | D:2      | Reached XP level 2. HP: 20/20 MP: 5/7
    82 | D:2      | Learned a level 2 spell: Passwall
   114 | D:4      | Reached skill level 4 in Earth Magic
   139 | D:4      | Found Haesiqipn's Weapon Shop.
   208 | D:4      | Noticed a hound
   213 | D:4      | Killed a hound
   214 | D:4      | Reached XP level 3. HP: 26/26 MP: 5/9
   214 | D:4      | Reached XP level 4. HP: 33/33 MP: 5/10
   218 | D:4      | Learned a level 3 spell: Stone Arrow
   222 | D:4      | Found a shimmering altar of Xom.
   226 | D:4      | Found Nocamp's Magic Scroll Shoppe.
   262 | D:4      | Bought a scroll of teleportation for 39 gold pieces
   289 | D:5      | Entered Level 5 of the Dungeon
   354 | D:6      | Noticed an ice beast
   364 | D:6      | Killed an ice beast
   365 | D:6      | Reached skill level 5 in Earth Magic
   365 | D:6      | Reached XP level 5. HP: 5/38 MP: 4/12
   414 | D:5      | Slain by a gnoll bouda

Illustrated notes

Levels and vault maps discovered:
D:1:      amcnicky_arrival_underground_garden, layout_loops_corners
D:2:      layout_basic, serial_shops, shop, minmay_split_cup_small,
          uniq_crazy_yiuf_cottage, uniq_jessica
D:3:      layout_basic, minmay_randomly_rotated_circles, uniq_ijyb
D:4:      layout_basic, brannock_xom_greatest_gift, serial_shops,
          kennysheep_mini, nicolae_square_shop, kennysheep_little_box
D:5:      layout_basic, minmay_temple_entry_large_hall, nicolae_wooded_promenade
D:6:      layout_cave_pools, mainiacjoe_overflow_brackets

Skill      XL: |  1  2  3  4 |
---------------+-------------+-----
Spellcasting   | 3 4 |  4.6
Earth Magic    | 4 5 |  5.3
Conjurations   | 2 |  2.1
Dodging        | |  2.4
Stealth        | |  1.4
Transmutations | |  1.2

Action                   |  1- 3 |  4- 6 || total
-------------------------+-------+-------++-------
 Cast: Sandblast         |    13 |     8 ||    21
       Passwall          |     2 |     2 ||     4
       Stone Arrow       |       |     4 ||     4
  Use: Scroll            |       |     1 ||     1
       Potion            |       |     1 ||     1
Armor: Robe              |       |     3 ||     3
Dodge: Dodged            |    11 |     4 ||    15
